 Dungeon Crawl Stone Soup version 0.29-a0-1027-gcd8c55af63 (webtiles) character file.

Game seed: 12781377018852234398

75861 Murgurak the Impaler (level 15, -1/139 HPs)
             Began as a Minotaur Berserker on Aug 11, 2022.
             Was a High Priest of Trog.
             Drowned by a water nymph (8 damage)
             ... on level 2 of the Shoals on Aug 12, 2022.
             The game lasted 02:18:53 (21931 turns).

Murgurak the Impaler (Minotaur Berserker)          Turns: 21931, Time: 02:18:54

Health: -1/139     AC: 35    Str: 29    XL:     15   Next: 10%
Magic:  14/14      EV: 10    Int:  4    God:    Trog [*****.]
Gold:   1269       SH:  0    Dex: 10    Spells: 14/14 levels left

rFire   + . .      SeeInvis .   T - +1 executioner's axe (flame)
rCold   x . .      Faith    .   (shield currently unavailable)
rNeg    . . .      Spirit   .   c - +18 Lear's hauberk
rPois   .          Reflect  .   (helmet currently unavailable)
rElec   .          Harm     .   B - +2 cloak
rCorr   .          Rampage  .   (gloves currently unavailable)
Will    +....                   (boots currently unavailable)
Stlth   ..........              P - amulet of the acrobat
HPRegen 0.33/turn               J - ring of fire
MPRegen 0.14/turn               (no ring)

@: very slow
A: horns 2, retaliatory headbutt
a: Renounce Religion, Berserk, Trog's Hand, Brothers in Arms


You were on level 2 of the Shoals.
You worshipped Trog.
Trog was extremely pleased with you.
You visited 6 branches of the dungeon, and saw 20 of its levels.
You also visited: Sewer and Volcano.

You collected 1269 gold pieces.

Inventory:

Hand Weapons
 a - a +2 spectral halberd
 C - a +3 vorpal trident
 G - a +6 halberd of flaming
 R - a +2 glaive of flaming
 S - a +0 longbow of flaming
 T - a +1 executioner's axe of flaming (weapon)
Missiles
 x - 4 throwing nets
Armour
 c - the +18 Lear's hauberk (worn)
   (You acquired it on level 8 of the Dungeon)
 j - a +0 pair of gloves
 t - a +2 hat
 u - a +0 tower shield
 w - a +0 pair of boots
 B - a +2 cloak (worn)
 Q - a +0 plate armour of fire resistance
Jewellery
 g - a ring of poison resistance
 n - a +6 ring of intelligence
 y - a ring of ice
 J - a ring of fire (left hand)
 P - an amulet of the acrobat (around neck)
Wands
 m - a wand of charming (22)
 o - a wand of mindburst (13) (quivered)
 p - a wand of flame (37)
 D - a wand of digging (3)
 Y - a wand of roots (4)
Scrolls
 b - 3 scrolls of summoning
 d - 3 scrolls of immolation
 h - 6 scrolls of identify
 r - 5 scrolls of vulnerability
 z - 2 scrolls of silence
 A - 2 scrolls of teleportation
 I - 2 scrolls of poison
 K - a scroll of amnesia
 N - a scroll of butterflies
Potions
 e - a potion of berserk rage
 f - 4 potions of brilliance
 i - a potion of ambrosia
 k - 2 potions of invisibility
 l - 4 potions of cancellation
 q - a potion of haste
 s - a potion of attraction
 E - 2 potions of resistance
 F - 2 potions of magic
 L - a potion of might
Miscellaneous
 U - a phantom mirror
 W - a phial of floods
 X - a piece from Xom's chessboard (15/15)


   Skills:
 + Level 14.8 Fighting
 * Level 9.8(15.5) Axes
 - Level 8.1(10.2) Maces & Flails
 + Level 17.4(18.4) Polearms
 - Level 10.7 Ranged Weapons
 + Level 15.0 Armour
 - Level 3.6 Dodging
 - Level 0.4 Stealth
 - Level 5.3 Shields
 - Level 0.2 Evocations


You had 14 spell levels left.
You didn't know any spells.
Your spell library contained the following spells:

 Spells                   Type           Power      Damage    Failure   Level
 Shock                    Conj/Air       0%         1d3       88%         1
 Sting                    Tmut/Pois      0%         1d3       88%         1
 Blink                    Tloc           0%         N/A       96%         2
 Poisonous Vapours        Pois/Air       0%         N/A       96%         2
 Scorch                   Fire           0%         2d5       96%         2
 Static Discharge         Conj/Air       0%         3-3/arc   96%         2
 Sublimation of Blood     Necr           0%         N/A       96%         2
 Frozen Ramparts          Ice            0%         1d1       99%         3
 Ignite Poison            Fire/Tmut/Pois 0%         N/A       99%         3
 Lesser Beckoning         Tloc           0%         N/A       99%         3
 Mephitic Cloud           Conj/Pois/Air  0%         N/A       99%         3
 Portal Projectile        Hex/Tloc       0%         N/A       99%         3
 Swiftness                Air            0%         N/A       99%         3
 Tukima's Dance           Hex            0%         N/A       99%         3
 Airstrike                Air            0%         2d(0-16)  100%        4
 Dispel Undead            Necr           0%         3d6       100%        4
 Flame Wave               Conj/Fire      0%         2d4       100%        4
 Ice Form                 Ice/Tmut       0%         N/A       100%        4
 Olgreb's Toxic Radiance  Pois           0%         N/A       100%        4
 Petrify                  Tmut/Erth      0%         N/A       100%        4
 Sticky Flame             Conj/Fire      0%         2d3       100%        4
 Summon Ice Beast         Ice/Summ       0%         N/A       100%        4
 Summon Lightning Spire   Summ/Air       0%         N/A       100%        4
 Blade Hands              Tmut           0%         N/A       100%        5
 Freezing Cloud           Conj/Ice/Air   0%         6-21      100%        5
 Irradiate                Conj/Tmut      0%         3d11      100%        5
 Lightning Bolt           Conj/Air       0%         1d11      100%        5
 Manifold Assault         Tloc           0%         N/A       100%        5
 Summon Cactus Giant      Summ           0%         N/A       100%        6


Dungeon Overview and Level Annotations

Branches:
Dungeon (10/15)            Temple (1/1) D:4            Lair (5/5) D:10
 Shoals (2/4) Lair:2       Spider (1/4) Lair:2        Slime (1/5) Lair:5
  Sewer (visited)         Volcano (visited)
    Orc: D:9-12

Altars:
Ashenzari
Cheibriados
Dithmenos
Elyvilon
Fedhas
Gozag
Hepliaklqana
Kikubaaqudgha
Makhleb
Nemelex Xobeh
Okawaru
Qazlal
Ru
Sif Muna
Trog
Uskayaw
Vehumet
Wu Jian
Xom
Yredelemnul
The Shining One


Innate Abilities, Weirdness & Mutations

You have a pair of horns on your head.
You reflexively headbutt those who attack you in melee.


Message History

Moving in this stuff is going to be slow.
A water nymph comes into view.
The water nymph moves out of view.
You see here a scroll of magic mapping.
You enter the shallow water.
Moving in this stuff is going to be slow.
The water nymph misses you. You furiously retaliate!
You headbutt the water nymph.
Your unstable footing causes you to fumble your attack.
The water nymph touches you. The water nymph drowns you!
You closely miss the water nymph. You headbutt the water nymph.
The water nymph is lightly wounded.
The water nymph casts a spell at you. The water swirls and strikes you!!
You slash the water nymph! You burn the water nymph.
You headbutt the water nymph!
The water nymph is severely wounded.
The water nymph touches you! The water nymph drowns you!
You miss the water nymph. Your headbutt misses the water nymph.
The water nymph is severely wounded.
The water nymph closely misses you. You furiously retaliate!
You headbutt the water nymph!
Your unstable footing causes you to fumble your attack.
The water nymph touches you. The water nymph drowns you!
* * * LOW HITPOINT WARNING * * *
The water nymph casts a spell at you. The water swirls and strikes you!!
* * * LOW HITPOINT WARNING * * *
Press: ? - help, v - describe, . - travel
Here: a water nymph (almost dead) Some shallow water, summoned.
Your target is gone.
You are too injured to fight recklessly!
You enter the shallow water.
Moving in this stuff is going to be slow.
The water nymph touches you. The water nymph drowns you!
* * * LOW HITPOINT WARNING * * *
You fail to use your ability.
The water nymph touches you. The water nymph drowns you!
You die...

~~~≈≈≈≈~~~≈≈≈≈≈≈
~~~~≈≈~~~~~≈≈≈≈≈
~~~~≈~~~~~~~≈≈≈≈
...~~~≈≈~~~~~~~~≈≈≈≈≈≈≈≈≈≈≈
...~~~≈≈~~~#..~~≈≈≈≈≈≈≈≈≈≈≈
#<.~~~~~~~~?.~~~≈≈≈≈≈≈≈≈≈≈≈
...~~~~~~~~~~~~~~~~~~~~~~≈≈
....~~~~~~m~~~~~~~~~~~~~~~~
....~~~~~~@~~~~~~~~~~....~~
#..~~~~~~~~~~.~~~~~.......~
#..~~~~.~~.....~~~........~
#..~~~~....#.............~~
..~≈~~~~..###..~..###....~~
~~≈≈≈~~...###...~.###....~~
≈≈≈≈≈~~~~~........##.......
≈≈≈≈~~~~~~~.~~~...###......
≈≈≈≈≈~....~.~~..~..#....~~≈


You could see a water nymph.

Vanquished Creatures
  Polyphemus (Shoals:2)
  A merfolk javelineer (Shoals:1)
  3 merfolk impalers
  3 hydras
  Fannar (Lair:1)
  An ogre mage (Volcano)
  A catoblepas (Shoals:1)
  7 two-headed ogres
  3 death yaks
  Sonja (Lair:2)
  Amaemon (D:9)
  A hell knight (Volcano)
  4 sea snakes
  11 harpies
  2 lindwurms (Lair:5)
  An oklob plant (Lair:4)
  A cyclops (Shoals:1)
  A manticore (Shoals:1)
  10 fauns (Shoals:1)
  2 black mambas
  3 merfolk sirens
  4 elephants (Lair:3)
  2 torpor snails
  2 molten gargoyles (Volcano)
  10 cane toads
  An orange demon (D:9)
  Maggie (D:9)
  A rime drake (Lair:5)
  3 komodo dragons
  3 harpy zombies (Shoals:1)
  A troll (D:9)
  4 polar bears (Lair:5)
  A meliai (Lair:2)
  6 hornets
  12 merfolk
  31 blink frogs
  3 slime creatures (Lair:5)
  20 dream sheep
  A shadow (D:9)
  13 spriggans (Lair:5)
  A water elemental (Shoals:1)
  8 wyverns
  3 basilisks
  59 yaks
  2 fire bats (Volcano)
  12 water moccasins
  3 sky beasts
  A manticore zombie (Shoals:1)
  An orc warrior (D:8)
  4 black bears
  An ice beast (D:6)
  2 ogres
  3 boggarts (Lair:5)
  30 wolves
  4 centaurs
  3 phantoms
  2 kobold brigands (D:10)
  A necrophage (D:5)
  14 bullfrogs
  5 gnoll sergeants
  3 scorpions
  7 wights
  9 killer bees
  4 howler monkeys
  5 lava snakes (Volcano)
  7 hounds
  2 jellies
  3 gnoll boudas
  7 orc priests
  5 iguanas
  9 orc wizards
  21 gnolls
  10 adders
  A shadow imp (D:5)
  A white imp (D:6)
  An ufetubus (D:6)
  2 worms
  3 dart slugs
  27 orcs
  3 endoplasms
  6 giant cockroaches
  7 goblins
  7 hobgoblins
  13 jackals
  4 quokkas
  2 ball pythons
  5 bats
  5 frilled lizards (Sewer)
  21 kobolds
  6 rats
543 creatures vanquished.

Vanquished Creatures (collateral kills)
  Snorg (Lair:4)
  An alligator snapping turtle (Shoals:1)
  A faun (Shoals:1)
  A merfolk (Shoals:1)
  A dream sheep (Lair:4)
  A snapping turtle (Shoals:1)
6 creatures vanquished.

Vanquished Creatures (others)
  52 fungi
  68 plants
120 creatures vanquished.

Grand Total: 669 creatures vanquished

Notes
Turn   | Place    | Note
-------+----------+-------------------------------------------
     0 | D:1      | Murgurak the Minotaur Berserker began the quest for the
                  | Orb.
     0 | D:1      | Reached XP level 1. HP: 19/19 MP: 0/0
   240 | D:1      | Reached XP level 2. HP: 27/27 MP: 1/1
   350 | D:1      | Found Hurrilir's Antique Weapon Shop.
   561 | D:1      | Reached XP level 3. HP: 33/33 MP: 2/2
   626 | D:1      | Found a faded altar of an unknown god.
   634 | D:1      | You fall into a shaft and drop 1 floor!
  1090 | D:2      | Found a stormy altar of Qazlal.
  1112 | D:2      | Identified the +5 sling "Ixtuom" {venom, rPois rF+}
  2008 | D:3      | Reached ** piety under Trog
  2010 | D:3      | Reached XP level 4. HP: 11/40 MP: 3/3
  2412 | D:3      | Found a faded altar of an unknown god.
  2420 | D:3      | Found an opulent altar of Gozag.
  2747 | D:4      | Noticed a black bear
  2756 | D:4      | Killed a black bear
  2757 | D:4      | Reached skill level 5 in Maces & Flails
  2757 | D:4      | Reached XP level 5. HP: 47/47 MP: 4/4
  2776 | D:4      | Found a staircase to the Ecumenical Temple.
  2785 | Temple   | Entered the Ecumenical Temple
  3321 | D:4      | Noticed a phantom
  3333 | D:4      | Killed a phantom
  3334 | D:4      | Reached XP level 6. HP: 46/53 MP: 5/5
  3552 | D:4      | Reached skill level 5 in Fighting
  3552 | D:4      | Reached XP level 7. HP: 28/60 MP: 6/6
  4093 | D:5      | Entered Level 5 of the Dungeon
  4134 | D:5      | Reached skill level 5 in Armour
  5456 | D:6      | Reached XP level 8. HP: 57/70 MP: 7/7
  5623 | D:6      | Found a glowing drain.
  5636 | Sewer    | Entered a sewer
  5870 | Sewer    | Reached *** piety under Trog
  6204 | D:6      | Reached skill level 5 in Shields
  6982 | D:7      | Reached skill level 1 in Polearms
  7074 | D:7      | Reached skill level 2 in Polearms
  7074 | D:7      | Reached skill level 1 in Ranged Weapons
  7641 | D:7      | Reached skill level 3 in Polearms
  7643 | D:7      | Found a white marble altar of Elyvilon.
  7973 | D:7      | Reached XP level 9. HP: 78/78 MP: 8/8
  8244 | D:8      | Reached skill level 4 in Polearms
  8684 | D:8      | Reached skill level 5 in Polearms
  8775 | D:8      | Identified a scroll of acquirement
  8775 | D:8      | Acquired the +18 Lear's hauberk
  8775 | D:8      | Found the +18 Lear's hauberk
  9086 | D:8      | Reached skill level 6 in Polearms
  9407 | D:9      | Found a snail-covered altar of Cheibriados.
  9411 | D:9      | Found an iron altar of Okawaru.
  9418 | D:9      | Found a burning altar of Makhleb.
  9418 | D:9      | Found a hide-covered altar of Uskayaw.
  9435 | D:9      | Noticed a two-headed ogre
  9441 | D:9      | Killed a two-headed ogre
  9442 | D:9      | Reached skill level 7 in Polearms
  9442 | D:9      | Reached XP level 10. HP: 88/88 MP: 9/9
  9580 | D:9      | Noticed Amaemon
  9602 | D:9      | Killed Amaemon
  9603 | D:9      | Reached skill level 8 in Polearms
  9603 | D:9      | Reached skill level 5 in Ranged Weapons
  9607 | D:9      | Noticed an orange demon
  9610 | D:9      | Killed an orange demon
  9610 | D:9      | Reached **** piety under Trog
  9877 | D:9      | Noticed Maggie
  9888 | D:9      | Killed Maggie
  9889 | D:9      | Reached skill level 9 in Polearms
 10211 | D:10     | Entered Level 10 of the Dungeon
 10349 | D:10     | Noticed a two-headed ogre
 10358 | D:10     | Killed a two-headed ogre
 10549 | D:10     | Reached skill level 10 in Polearms
 10549 | D:10     | Reached XP level 11. HP: 97/97 MP: 10/10
 10553 | D:10     | Reached skill level 10 in Armour
 10596 | D:10     | Found a staircase to the Lair.
 10763 | D:10     | Noticed a two-headed ogre
 10771 | D:10     | Killed a two-headed ogre
 10784 | Lair:1   | Entered Level 1 of the Lair of Beasts
 10841 | Lair:1   | Reached skill level 10 in Fighting
 10844 | Lair:1   | Reached ***** piety under Trog
 10859 | Lair:1   | Reached skill level 11 in Polearms
 11479 | Lair:1   | Noticed Fannar
 11486 | Lair:1   | Killed Fannar
 11487 | Lair:1   | Reached skill level 12 in Polearms
 11732 | Lair:1   | Reached XP level 12. HP: 108/108 MP: 11/11
 12238 | Lair:2   | Noticed Sonja
 12241 | Lair:2   | Killed Sonja
 12262 | Lair:2   | Reached skill level 13 in Polearms
 12744 | Lair:2   | Found a hole to the Spider Nest.
 12758 | Spider:1 | Entered Level 1 of the Spider Nest
 12758 | Spider:1 | Noticed an emperor scorpion
 12974 | Lair:2   | Found a staircase to the Shoals.
 13010 | Shoals:1 | Entered Level 1 of the Shoals
 13341 | Lair:3   | Reached skill level 14 in Polearms
 13398 | Lair:3   | Received a gift from Trog
 13644 | Lair:3   | Reached XP level 13. HP: 109/118 MP: 12/12
 13666 | Lair:3   | Found a dark tunnel.
 13679 | Volcano  | Entered a volcano
 13827 | Volcano  | Found a radiant altar of Vehumet.
 13865 | Volcano  | Reached skill level 15 in Polearms
 13915 | Volcano  | Reached skill level 10 in Ranged Weapons
 14874 | Lair:4   | Noticed Snorg
 14885 | Lair:4   | Killed Snorg
 15101 | Lair:4   | You fall into a shaft and drop 1 floor!
 15101 | Lair:5   | Entered Level 5 of the Lair of Beasts
 15188 | Lair:5   | Received a gift from Trog
 15199 | Lair:5   | Paralysed by a hornet for 2 turns
 15204 | Lair:5   | Reached skill level 16 in Polearms
 15498 | Lair:4   | Reached skill level 1 in Axes
 16649 | Lair:5   | Reached XP level 14. HP: 120/129 MP: 13/13
 16827 | Lair:5   | Paralysed by a hornet for 2 turns
 17215 | Lair:5   | Found a radiant altar of Vehumet.
 17339 | Lair:5   | Reached skill level 5 in Axes
 17796 | Lair:5   | Found a staircase to the Slime Pits.
 18283 | Slime:1  | Entered Level 1 of the Pits of Slime
 18283 | Slime:1  | Noticed a rockslime
 18283 | Slime:1  | Noticed a quicksilver ooze
 18926 | Shoals:1 | Received a gift from Trog
 19215 | Shoals:1 | Reached skill level 17 in Polearms
 19905 | Shoals:1 | Upgraded the game from 0.29-a0-1023-g6ae1a4a2c7 to
                  | 0.29-a0-1027-gcd8c55af63
 20099 | Shoals:2 | Noticed Polyphemus
 20117 | Shoals:1 | HP: 6/133 [catoblepas[Polyphemus] (3)]
 20718 | Shoals:2 | Killed Polyphemus
 21658 | Shoals:2 | Reached XP level 15. HP: 139/139 MP: 14/14
 21721 | Shoals:2 | Reached skill level 15 in Armour
 21931 | Shoals:2 | Drowned by a water nymph

Illustrated notes

Levels and vault maps discovered:
D:1:      psy_arrival_dodecagon, layout_rooms,
          hellmonk_ecumenical_altar_leap_of_faith, serial_shops,
          nicolae_shop_window_shopping, chequers_serial_rivers_room_a,
          st_stairs_11
D:2:      layout_loops_cross, basic_altar, grunt_decor_cap, chequers_jeans,
          minmay_misc_feat_four_crosses
D:3:      layout_basic, nicolae_overflow_ecumenical_swirl
D:4:      layout_loops_cross, lemuel_temple_firewalk_b
D:5:      layout_gridville, nrook_pool_corridor
D:6:      layout_basic, portal_sewer_entry_b
D:7:      layout_basic, lemuel_doored_altar, patterned_corridor
D:8:      layout_basic, nicolae_fountain_basement
D:9:      layout_irregular_city, grunt_temple_overflow_open, uniq_maggie,
          uniq_amaemon
D:10:     layout_big_octagon, lair_entry_dummy, serial_gnoll_camp,
          gnoll_camp_mini_hut, gnoll_camp_mini_doghouse, gnoll_camp_huts_basic,
          gnoll_camp_mini_house, kennysheep_nub
Temple:   nicolae_temple_slightly_damp_pantheon
Lair:1:   layout_gridlike, uniq_fannar
Lair:2:   layout_chaotic_city, minmay_shoals_entry_lonely_mermaid,
          hellmonk_spider_entry_not_the_bees, uniq_sonja
Lair:3:   layout_cave_pods, nicolae_volcano_entry_lava_flow, lemuel_fruit_fields
Lair:4:   layout_hall_layers, uniq_snorg
Lair:5:   minmay_lair_end_enchanted_forest, layout_loops_ring,
          minmay_slime_entry_pillars, basic_altar
Shoals:1: layout_shoals, nicolae_shoals_undead_eyrie
Shoals:2: layout_shoals, uniq_polyphemus
Spider:1: layout_chambers, nicolae_spider_webbed_stairs
Slime:1:  layout_caves, special_room [special_room_jelly]

Skill      XL: |  1  2  3  4  5  6  7  8  9 10 11 12 13 14 15 |
---------------+----------------------------------------------+-----
Fighting       | 4 5 6 8 9 10 12 13 14 | 14.8
Maces & Flails | 4 5 6 7 8 |  8.1
Armour         | 3 4 6 7 8 9 11 12 13 14 15 | 15.0
Shields        | 2 3 4 5 |  5.3
Dodging        | 3 |  3.6
Polearms       | 3 7 10 12 14 16 17 | 17.4
Ranged Weapons | 1 4 6 8 9 10 | 10.7
Axes           | 3 9 |  9.8
Stealth        | |  0.4
Evocations     | |  0.2

Action                   |  1- 3 |  4- 6 |  7- 9 | 10-12 | 13-15 || total
-------------------------+-------+-------+-------+-------+-------++-------
Melee: Mace              |    99 |    73 |       |       |       ||   172
       Headbutt          |     9 |    10 |    23 |    58 |    95 ||   195
       Flail             |       |     7 |   121 |       |       ||   128
       Halberd           |       |       |    99 |   367 |    41 ||   507
       Glaive            |       |       |       |       |   160 ||   160
       Executioner's axe |       |       |       |       |   380 ||   380
Throw: Stone             |     2 |       |       |       |       ||     2
Invok: Berserk           |     3 |     2 |     6 |     7 |     5 ||    23
       Trog's Hand       |       |       |     2 |     1 |     2 ||     5
       Brothers in Arms  |       |       |       |       |     1 ||     1
Evoke: Wand              |     1 |       |     5 |     7 |     9 ||    22
  Use: Scroll            |     6 |     6 |    13 |    11 |     5 ||    41
       Potion            |       |       |     1 |     2 |    10 ||    13
 Stab: Distracted        |       |       |       |     2 |     1 ||     3
Armor: Animal skin       |     4 |       |       |       |       ||     4
       Chain mail        |    56 |    63 |   109 |   189 |   597 ||  1014
       Plate armour      |       |       |    23 |       |       ||    23
Dodge: Dodged            |    31 |    17 |    56 |   190 |   446 ||   740
Block: Tower shield      |    37 |    64 |    90 |       |       ||   191

Table legend: (Time is in decaauts)
 A = Elapsed time spent in this place.
 B = Non-inter-level travel time spent in this place.
 C = Inter-level travel time spent in this place.
 D = Time resting spent in this place.
 E = Time spent auto-exploring this place.
 F = Levels seen in this place.
 G = Mean time per level.
                   A        B        C        D        E       F      G
               +--------+--------+--------+--------+--------+-----+--------+
         Total |  22513 |  22116 |    397 |   6388 |   5708 |  22 | 1023.3 |
       Dungeon |  10384 |  10181 |    203 |   1781 |   3256 |  10 | 1038.4 |
        Temple |    347 |    347 |      0 |    144 |      0 |   1 |  347.0 |
          Lair |   7097 |   6905 |    192 |   1802 |   2198 |   5 | 1419.4 |
        Shoals |   3787 |   3786 |      1 |   2504 |    254 |   2 | 1893.5 |
   Spider Nest |      1 |      1 |      0 |      0 |      0 |   1 |    1.0 |
    Slime Pits |      1 |      1 |      0 |      0 |      0 |   1 |    1.0 |
         Sewer |    432 |    432 |      0 |     21 |      0 |   1 |  432.0 |
       Volcano |    460 |    460 |      0 |    135 |      0 |   1 |  460.0 |
               +--------+--------+--------+--------+--------+-----+--------+

Top non-repeatable levels by time:
Shoals:1: 2843 daAuts
  Lair:5: 2201 daAuts
     D:7: 1427 daAuts
  Lair:1: 1346 daAuts
     D:4: 1319 daAuts
  Lair:4: 1300 daAuts
     D:6: 1176 daAuts
     D:3: 1159 daAuts
     D:5: 1132 daAuts
  Lair:3: 1125 daAuts
  Lair:2: 1123 daAuts
     D:8: 1063 daAuts
     D:2: 953 daAuts
Shoals:2: 944 daAuts
     D:9: 876 daAuts
